 Dungeon Crawl Stone Soup version 0.28-a0-1616-g050a50673c (webtiles) character file.

Game seed: 3392210175114597645

141 grumblor the Chopper (level 5, -5/28 HPs)
             Began as a Vine Stalker Fighter on Jan 23, 2022.
             Was an Initiate of Sif Muna.
             Killed from afar by Natasha (10 damage)
             ... with a puff of flame
             ... on level 2 of the Dungeon.
             The game lasted 00:03:21 (1592 turns).

grumblor the Chopper (Vine Stalker Fighter)         Turns: 1592, Time: 00:03:22

Health: -5/28      AC: 10    Str: 21    XL:     5   Next: 24%
Magic:  0/6        EV:  7    Int:  8    God:    Sif Muna [......]
Gold:   24         SH:  4    Dex: 13    Spells: 4/4 levels left

rFire   . . .      SeeInvis .   a - +0 war axe (vamp)
rCold   . . .      Faith    .   c - +0 buckler
rNeg    . . .      Spirit   +   i - +0 chain mail
rPois   +          Reflect  .   (no helmet)
rElec   .          Harm     .   f - +0 cloak
rCorr   .          Rampage  .   (no gloves)
Will    .....                   (no boots)
Stlth   ..........              (no amulet)
HPRegen 0.89/turn               g - ring of poison resistance
MPRegen 0.10/turn               (no ring)

@: mighty, slowed, very slow
A: fangs 2, regeneration 1, magic shield, antimagic bite, no potion heal 2
a: Renounce Religion


You were on level 2 of the Dungeon.
You worshipped Sif Muna.
Sif Muna was noncommittal.
You visited 1 branch of the dungeon, and saw 2 of its levels.

You collected 24 gold pieces.

Inventory:

Hand Weapons
 a - a +0 vampiric war axe (weapon)
Armour
 c - a +0 buckler (worn)
 f - a +0 cloak (worn)
 i - a +0 chain mail (worn)
Jewellery
 g - a ring of poison resistance (left hand)
Scrolls
 b - 2 scrolls of identify
Potions
 e - a potion of flight


   Skills:
 + Level 3.1 Fighting
 + Level 3.2 Axes
 + Level 2.9 Armour
 * Level 1.4 Dodging
 + Level 3.0 Shields


You had 4 spell levels left.
You didn't know any spells.
Your spell library was empty.

Dungeon Overview and Level Annotations

Branches:
Dungeon (2/15)

Altars:
Sif Muna

Annotations:
D:2 Natasha


Innate Abilities, Weirdness & Mutations

You have extremely sharp teeth.
Your natural rate of healing is unusually fast.
When hurt, damage is shared between your health and your magic reserves.
Your bite disrupts and absorbs the magic of your enemies.
Potions cannot restore your health.


Message History

Natasha is moderately wounded.
You barely miss the crimson imp. You block Natasha's attack.
The crimson imp hits you but does no damage.
Natasha claws you.
The crimson imp blinks!
Natasha zaps a wand.
The puff of flame hits you!
Unknown command.
You barely miss Natasha.
Natasha is moderately wounded.
Natasha zaps a wand.
The puff of flame hits you.
The crimson imp blinks!
The iron imp hits you.
* * * LOW HITPOINT WARNING * * *
Natasha mumbles some strange words.
Unknown command.
Natasha zaps a wand.
The puff of flame hits you.
* * * LOW HITPOINT WARNING * * *
The iron imp hits you but does no damage.
The crimson imp hits you but does no damage.
The crimson imp barely misses you.
The crimson imp hits you but does no damage.
The crimson imp disappears in a puff of smoke!
The crimson imp blinks!
Natasha zaps a wand.
The puff of flame hits you.
* * * LOW HITPOINT WARNING * * *
Natasha casts a spell at you. The magic dart hits you.
* * * LOW HITPOINT WARNING * * *
Natasha zaps a wand.
The puff of flame hits you but does no damage.
Natasha zaps a wand.
The puff of flame hits you.
* * * LOW HITPOINT WARNING * * *
Found 10 gold pieces.
The iron imp disappears in a puff of smoke!
Natasha zaps a wand.
The puff of flame misses you.
The crimson imp laughs crazily.
Okay, then.
You feel very mighty all of a sudden.
Natasha mumbles some strange words.
Natasha zaps a wand.
The puff of flame hits you!
* * * LOW HITPOINT WARNING * * *
Natasha zaps a wand.
The puff of flame hits you!
You die...

#.......#........#
####..........#...#.##.
....................!..
##.#.....)..#.#...#.##.
##.#.#####..#h#.#...#
##.#........#.#...#######
##.####.###.#.#....$.....
.....[..#...#.###5##
##..<##.#.###.h.@.#
...)......#########
).....#.#.........#
#..##.#.#.#######.#
'.......#'###.....#
##...............##
.................#
#รท...............#
########
#..........##'######......#


You could see Natasha and a crimson imp (summoned).

Vanquished Creatures
  Terence (D:2)
  Natasha (twice) (D:2)
  An adder (D:2)
  2 worms (D:2)
  3 dart slugs (D:2)
  3 endoplasms (D:1)
  4 giant cockroaches
  4 goblins
  4 hobgoblins
  2 jackals (D:1)
  A quokka (D:1)
  6 ball pythons (D:1)
  4 bats
  2 frilled lizards (D:1)
  7 rats
46 creatures vanquished.

Vanquished Creatures (others)
  11 plants (D:2)
11 creatures vanquished.

Grand Total: 57 creatures vanquished

Notes
Turn   | Place    | Note
-------+----------+-------------------------------------------
     0 | D:1      | grumblor the Vine Stalker Fighter began the quest for the
                  | Orb.
     0 | D:1      | Reached XP level 1. HP: 11/11 MP: 2/2
   140 | D:1      | Reached XP level 2. HP: 16/16 MP: 3/3
   668 | D:1      | Found a faded altar of an unknown god.
   865 | D:1      | Reached XP level 3. HP: 19/19 MP: 4/4
  1089 | D:2      | Noticed Natasha
  1093 | D:2      | Killed Natasha
  1094 | D:2      | Reached skill level 1 in Dodging
  1094 | D:2      | Gained mutation: Your natural rate of healing is unusually
                  | fast. [Vine Stalker growth]
  1094 | D:2      | Reached XP level 4. HP: 16/24 MP: 5/5
  1126 | D:2      | Noticed Terence
  1163 | D:2      | Killed Terence
  1253 | D:2      | Noticed Natasha
  1263 | D:2      | Killed Natasha
  1264 | D:2      | Reached XP level 5. HP: 26/28 MP: 4/6
  1431 | D:2      | Found a shimmering blue altar of Sif Muna.
  1444 | D:2      | Became a worshipper of Sif Muna the Loreminder
  1569 | D:2      | Noticed Natasha
  1581 | D:2      | HP: 1/28 [Natasha/puff of flame (6)]
  1592 | D:2      | Killed from afar by Natasha

Illustrated notes

Levels and vault maps discovered:
D:1:      erik_arrival_triangle_small, layout_loops_ring,
          hellmonk_ecumenical_altar_inner_sanctum, minivault_27
D:2:      layout_basic, basic_altar, serial_bayou_pond_c, uniq_terence,
          uniq_natasha

Skill      XL: |  1  2  3  4 |
---------------+-------------+-----
Axes           | 2 3 |  3.2
Shields        | 3 |  3.0
Fighting       | 3 |  3.1
Dodging        | 1 |  1.4
Armour         | |  2.9

Action                   |  1- 3 |  4- 6 || total
-------------------------+-------+-------++-------
Melee: War axe           |    73 |    54 ||   127
       Bite              |    13 |    11 ||    24
  Use: Scroll            |     2 |     2 ||     4
       Potion            |       |     1 ||     1
Armor: Scale mail        |    25 |     2 ||    27
       Chain mail        |       |    23 ||    23
Dodge: Dodged            |    25 |    16 ||    41
Block: Buckler           |    15 |    18 ||    33

Table legend: (Time is in decaauts)
 A = Elapsed time spent in this place.
 B = Non-inter-level travel time spent in this place.
 C = Inter-level travel time spent in this place.
 D = Time resting spent in this place.
 E = Time spent auto-exploring this place.
 F = Levels seen in this place.
 G = Mean time per level.
                   A        B        C        D        E       F      G
               +--------+--------+--------+--------+--------+-----+--------+
         Total |   1656 |   1647 |      9 |      0 |   1272 |   2 |  828.0 |
       Dungeon |   1656 |   1647 |      9 |      0 |   1272 |   2 |  828.0 |
               +--------+--------+--------+--------+--------+-----+--------+

Top non-repeatable levels by time:
     D:1: 1079 daAuts
     D:2: 577 daAuts
